 Dungeon Crawl Stone Soup version 0.19.4-12-gccf7e64 (webtiles) character file.

38 TryAgain the Magician (level 3, -8/19 HPs)
             Began as a Deep Elf Ice Elementalist on Feb 26, 2017.
             Engulfed by a cloud of flame (27 damage)
             ... on level 2 of the Dungeon.
             The game lasted 00:03:06 (897 turns).

TryAgain the Magician (Deep Elf Ice Elementalist)    Turns: 897, Time: 00:03:07

Health: -8/19      AC:  2    Str:  5    XL:     3   Next: 25%
Magic:  10/10      EV: 13    Int: 20    God:
Gold:   81         SH:  0    Dex: 15    Spells: 1 memorised, 8 levels left

rFire  . . .     SeeInvis .     j - +0 dagger
rCold  . . .     Gourm    .     a - +0 robe
rNeg   . . .     Faith    .     (no shield)
rPois  .         Spirit   .     (no helmet)
rElec  .         Reflect  .     (no cloak)
rCorr  +         Harm     .     (no gloves)
MR     .....                    (no boots)
Stlth  ++........               m - amulet of regeneration
                                (no ring)
                                p - ring of resist corrosion

@: no status effects
A: no striking features
a: no special abilities


You were on level 2 of the Dungeon.
You were not hungry.

You visited 1 branch of the dungeon, and saw 2 of its levels.

You collected 81 gold pieces.

Inventory:

Hand Weapons
 j - a +0 dagger (weapon)
Armour
 a - a +0 robe (worn)
 q - a +0 leather armour
Jewellery
 m - an amulet of regeneration (around neck)
 p - a ring of resist corrosion (left hand)
Scrolls
 d - a scroll of teleportation {unknown}
 g - 2 scrolls of identify {unknown}
 i - a scroll of blinking {unknown}
 n - a scroll of amnesia {unknown}
 o - a scroll of random uselessness {unknown}
Potions
 e - a potion of agility {unknown}
 h - a potion of resistance {unknown}
 k - a potion of haste {unknown}
Books
 b - a book of Frost

   Spells                             Type                      Level
   a - Freeze                         Ice                          1
   b - Throw Frost                    Conjuration/Ice              2
   c - Ozocubu's Armour               Charms/Ice                   3
   d - Throw Icicle                   Conjuration/Ice              4
   e - Summon Ice Beast               Ice/Summoning                4
Comestibles
 c - a bread ration
 f - a slice of pizza
 l - a royal jelly


   Skills:
 + Level 3.3 Dodging
 - Level 2.4 Stealth
 + Level 3.9 Spellcasting
   Level 1.1 Conjurations
 + Level 3.7 Ice Magic


You had 8 spell levels left.
You knew the following spells:

 Your Spells              Type           Power        Failure   Level  Hunger
a - Freeze                Ice            ###.         2%          1    None


Dungeon Overview and Level Annotations

Branches:
Dungeon (2/15)

Altars:
Fedhas
Ru
Vehumet
Zin


Message History

There is an open door here.
A frilled lizard comes into view.
Found 6 gold pieces.
The frilled lizard unfolds its giant frill.
The frilled lizard closely misses you.
Casting: Freeze
Confirm with . or Enter, or press ? or * to list all spells.
Aiming: Freeze
Press: ? - help, Shift-Dir - straight line, f - frilled lizard
Aim: a frilled lizard You freeze the frilled lizard.
You kill the frilled lizard!
Found 25 arrows.
Found a rat skeleton.
Found a radiant altar of Vehumet.
Found 4 gold pieces.
You now have 81 gold pieces (gained 6).
Found a scroll labeled NASUAQEOCO.
Really walk into a travel-excluded area?
You are engulfed in roaring flames.
Ouch! That really hurt!
You die...

....(......#
#..### #.#.#.#.
##†###..'.# #.
#...###...##..###
#. #............+
#.###.####...##..#
#...#.## ##.###..+
#.##?..§..#
#......#
#.....§...#
#..###.+
#..#..@§..# #..#
#.# #.§§÷........#
#.. ##.....####...
.. .$.###.# .####
#.# .. ... ## #.


There were no monsters in sight!

Vanquished Creatures
  An adder (D:2)
  An ooze (D:2)
  A dart slug (D:1)
  2 leopard geckos
  3 bats
  A goblin (D:1)
  4 hobgoblins (D:1)
  2 frilled lizards
  3 kobolds
  5 rats
23 creatures vanquished.

Vanquished Creatures (others)
  A rat (D:2)
1 creature vanquished.

Grand Total: 24 creatures vanquished

Notes
Turn   | Place    | Note
-------+----------+-------------------------------------------
     0 | D:1      | TryAgain the Deep Elf Ice Elementalist began the quest for the Orb.
     0 | D:1      | Reached XP level 1. HP: 10/10 MP: 6/6
   219 | D:1      | Reached XP level 2. HP: 15/15 MP: 6/8
   762 | D:2      | Found a blossoming altar of Fedhas.
   764 | D:2      | Found a sacrificial altar of Ru.
   770 | D:2      | Reached XP level 3. HP: 18/19 MP: 6/10
   772 | D:2      | Found a glowing silver altar of Zin.
   889 | D:2      | Found a radiant altar of Vehumet.
   897 | D:2      | Engulfed by a cloud of flame

Skill      XL: |  1  2 |
---------------+-------+-----
Dodging        | 3 |  3.3
Stealth        | |  2.4
Spellcasting   | |  3.9
Conjurations   | |  1.1
Ice Magic      | |  3.7

Action                   || total
-------------------------++-------
Melee: Dagger            ||     6
 Cast: Freeze            ||    31
 Stab: Sleeping          ||     1
Armor: Robe              ||     6
Dodge: Dodged            ||    30
